[Event "*** Titled Tuesday 3|2 Blitz"]
[Site "Chess.com"]
[Date "2016.05.03"]
[Round "2"]
[White "Sophiste2"]
[Black "Boryboy"]
[Result "1-0"]
[WhiteElo "2783"]
[BlackElo "2495"]
[TimeControl "180+2"]
[EndTime "11:23:59 PDT"]
[Termination "Sophiste2 won by resignation"]

1. Nf3 d5 2. g3 Nf6 3. Bg2 e6 4. O-O Be7 5. b3 a5 6. c4 O-O 7. Nc3 c6 8. d4 Nbd7 9. Bb2 Rb8 10. Ne5 Nxe5 11. dxe5 Nd7 12. cxd5 exd5 13. e4 Nxe5 14.
exd5 Bg4 15. f3 Bf5 16. Ne4 Bxe4 17. fxe4 Bc5+ 18. Kh1 Qe7 19. Qc2 Bd6 20. Rad1 c5 21. Qd2 a4 22. bxa4 Nc4 23. Qc3 Nxb2 24. Qxb2 Ra8 25. Qb5 Ra7 26. Rfe1 f6 27. Bh3 Rfa8 28.
Rb1 Rxa4 29. Be6+ Kh8 30. Qxb7 Qxb7 31. Rxb7 Rxa2 32. Rb6 Rd8 33. Reb1 g6 34. Rb7 Ra4 35. Rf7 Rb4 36. Ra1 Bb8 37. Rc1 Rxe4 38. Rxc5 Be5 39. Rb5 Re1+ 40. Kg2 Re2+ 41. Kh3 Rb2 42. Rxb2 Bxb2 43. g4 Be5 44. Kg2 Rb8 45. h4 Rb2+ 46. Kf3 Rb3+ 47. Ke2 Rb4 48. h5 gxh5 49. gxh5 h6 50.
Rd7 Rh4 51. d6 Bxd6 52. Rxd6 Rxh5 53. Kf3 Re5 54. Kf4 Kg7 55. Rd7+ Kh8 56. Bf5 Kg8 57. Bg6 Rg5 58. Bf7+ Kf8 59. Bc4 Rc5 60. Be6 Re5 61.
Rf7+ Ke8 62. Rxf6 Rh5 63. Rf7 Rh2 64. Rh7 Kd8 65. Ke5 Rd2 66. Bd5 Kc8 67. Kd6 Kb8 68. Rb7+ Kc8 69. Ra7 Rb2 70. Rh7 Kb8 71. Rh8+ Ka7 72.
Ra8+ Kb6 73. Rb8+ Ka5 74. Rxb2 1-0

[Event "*** Titled Tuesday 3|2 Blitz"]
[Site "Chess.com"]
[Date "2016.05.03"]
[Round "2"]
[White "simonachess"]
[Black "Carolina-moon"]
[Result "1/2-1/2"]
[WhiteElo "2141"]
[BlackElo "2047"]
[TimeControl "180+2"]
[EndTime "11:24:00 PDT"]
[Termination "Game drawn by repetition"]

1. d4 f5 2. c4 Nf6 3. Nc3 g6 4.
Bf4 Bg7 5. e3 d6 6. h3 O-O 7. Nf3 c6 8. Be2 Ne4 9. Qc2 Qa5 10. O-O e5 11. Bh2 Nxc3 12. Qxc3 Qxc3 13. bxc3 f4 14. exf4 exf4 15. Bd3 Bf5 16. Bxf5 Rxf5 17. Rfe1 Kf8 18. Re6 d5 19. c5 Nd7 20. Rae1 Nf6 21. R1e5 Rxe5 22. Nxe5 g5 23. h4 h6 24. hxg5 hxg5 25. f3 Re8 26. Rd6 Ke7 27. g3 Nh5 28.
Rd7+ Kf8 29. gxf4 gxf4 30. Ng6+ Kg8 31. Nxf4 Nxf4 32. Bxf4 Re2 33. Rxb7 Rxa2 34. Rc7 Rc2 35. Be5 Bxe5 36. dxe5 Rxc3 37. Rxc6 a5 38. Ra6 Rxc5 39. Kf2 Kf7 40. e6+ Ke7 41. f4 d4 42. Kf3 Rd5 43. Ke4 Rd8 44. f5 d3 45. Rxa5 d2 46.
Ra7+ Kf6 47. Rf7+ Kg5 48. e7 d1=Q 49. exd8=Q+ Qxd8 50.
Rg7+ Kf6 51. Rg6+ Kf7 52. Re6 Qa8+ 53. Ke5 Qa5+ 54. Ke4 Qb4+ 55. Ke5 Qc5+ 56. Ke4 Qc4+ 57. Ke5 Qg4 58. Rf6+ Ke7 59. Re6+ Kd7 60. Rd6+ Kc7 61. Re6 Qg3+ 62. Ke4 Qg4+ 63. Ke5 Qg3+ 64. Ke4 Qe1+ 65. Kd5 Qd2+ 66. Ke5 Qe2+ 67. Kd5 Qd3+ 68. Ke5 Qc3+ 69. Kd5 Kd7 70. Rd6+ Ke7 71. Re6+ Kf7 72. Kd6 Qc4 73. Ke5 Qc5+ 74. Ke4 Qc4+ 75. Ke5 Qc3+ 76. Ke4 Qc4+ 77. Ke5 1/2-1/2

[Event "*** Titled Tuesday 3|2 Blitz"]
[Site "Chess.com"]
[Date "2016.05.03"]
[Round "2"]
[White "KuzubovYuriy"]
[Black "rhungaski"]
[Result "0-1"]
[WhiteElo "2591"]
[BlackElo "2469"]
[TimeControl "180+2"]
[EndTime "11:24:13 PDT"]
[Termination "rhungaski won by resignation"]

1. d4 d5 2. c4 dxc4 3. Nf3 Nf6 4. Nc3 a6 5. a4 Nc6 6. e3 Na5 7. Ne5 Be6 8. Be2 g6 9. O-O c6 10. Bd2 Bg7 11. Ra3 O-O 12. Nb1 Nd7 13. Bxa5 Qxa5 14.
Nxc4 Qc7 15. Rc3 Rad8 16. Qc2 Nb6 17. Nxb6 Qxb6 18. Nd2 a5 19. h3 Rfe8 20. Rd1 Bd5 21. f4 Qa7 22. Bf3 e6 23. Nb3 Bxb3 24. Rxb3 Bf8 25.
Rbd3 Rd7 26. g3 Red8 27. Kg2 Qb6 28. b3 Qb4 29. h4 h5 30. g4 hxg4 31. Bxg4 Kg7 32.
Kf2 Be7 33. h5 f5 34. Bf3 g5 35. fxg5 Bxg5 36. Rg1 Kh6 37. Qc4 Qd6 38. Ke2 Rg7 39.
Kd1 Rdg8 40. Kc2 Bf6 41. Rxg7 Rxg7 42. Rd2 Rg3 43. Rf2 Bg5 44. Qc3 Rh3 45. Rf1 Rh2+ 46.
Kb1 Qa3 47. Rg1 Qa2+ 48. Kc1 Qf2 49. Rxg5 Kxg5 50. Bd1 Rh3 51. Kb1 Qxe3 52. Qc5 Rh1 53. Qe7+ Kf4 54. Qd6+ e5 55. dxe5 Qxb3+ 56. Kc1 Qc3+ 57.
Kb1 Qb3+ 58. Kc1 Qc4+ 59. Kb1 Qe4+ 60. Kc1 Qxe5 61. Qh6+ Ke4 62. Qd2 Qf4 0-1

[Event "*** Titled Tuesday 3|2 Blitz"]
[Site "Chess.com"]
[Date "2016.05.03"]
[Round "2"]
[White "Gergo85"]
[Black "sandropozo"]
[Result "1-0"]
[WhiteElo "2429"]
[BlackElo "2297"]
[TimeControl "180+2"]
[EndTime "11:24:44 PDT"]
[Termination "Gergo85 won on time"]

1. e4 e6 2. d4 d5 3. Nd2 Ne7 4.
Ngf3 Ng6 5. h4 h5 6. g3 c5 7. Bg2 Nc6 8. dxc5 Bxc5 9. Qe2 Kf8 10. Nb3 Bb6 11. Bg5 f6 12. Bd2 d4 13. e5 Ncxe5 14.
Nxe5 Nxe5 15. O-O-O d3 16. Qe4 Bd7 17. f4 dxc2 18.
Bb4+ Kf7 19. Qxc2 Rc8 20. Bc3 Nc4 21. Rd3 Qe7 22. Kb1 Ba4 23. Qe2 Bb5 24. Qf3 Bc6 25. Qe2 Bb5 26. Qf3 Bc6 27. Qe2 Bxg2 28. Qxg2 Rhd8 29.
Rhd1 Na3+ 30. bxa3 Rxc3 31. Rxd8 Bxd8 32. Qe2 Qc7 33.
Qxh5+ Ke7 34. Qg4 Kf7 35. Qh5+ Ke7 36. Qg4 Kf7 37. h5 Qb6 38. Rd7+ Ke8 39. Qxg7 Rxb3+ 40. axb3 Qxb3+ 41. Kc1 Qxa3+ 42. Kd2 Qb2+ 43. Ke1 Qa1+ 44. Ke2 Qb2+ 45. Kf3 Qb3+ 46. Ke2 Qa2+ 47. Rd2 Qa6+ 48.
Kf3 Qc6+ 49. Kg4 Be7 50. Qg8+ Bf8 51. Qg6+ Ke7 52. Qb1 f5+ 53. Kh3 Qf3 54. Qd1 Qc6 55. Kh2 Kf7 56. Rc2 Qe4 57. Rc7+ Kg8 58. Qc2 Qf3 59. h6 Qh5+ 60. Kg2 Qxh6 61. Qe2 Qf6 62. Rxb7 a5 63. Ra7 Bb4 64. Qc2 Qd4 65. Qf2 Qe4+ 66. Kh2 Be1 67. Qb2 1-0

[Event "*** Titled Tuesday 3|2 Blitz"]
[Site "Chess.com"]
[Date "2016.05.03"]
[Round "2"]
[White "Badouuu"]
[Black "Blitzstream"]
[Result "0-1"]
[WhiteElo "2008"]
[BlackElo "2410"]
[TimeControl "180+2"]
[EndTime "11:24:57 PDT"]
[Termination "Blitzstream won by checkmate"]

1. e4 d5 2. exd5 Qxd5 3. Nc3 Qa5 4. d4 Nf6 5. Bc4 Bg4 6. f3 Bf5 7. Bd2 Qb6 8. Nge2 e6 9. a4 c6 10. a5 Qc7 11. Bf4 Bd6 12. Bxd6 Qxd6 13. Ng3 Bg6 14. Nge4 Nxe4 15. fxe4 e5 16. d5 O-O 17. Bd3 Qb4 18. O-O Qxb2 19. Qe1 Qb4 20. Rb1 Qc5+ 21. Kh1 b6 22.
axb6 axb6 23. dxc6 Nxc6 24. Nd5 Rab8 25. Rb3 Nd4 26. Rc3 Qd6 27. Rc7 Kh8 28. c3 Ne6 29.
Ra7 Nc5 30. Qe2 Ra8 31. Rxa8 Rxa8 32. h3 f6 33. Rb1 Rb8 34. Bc2 Bf7 35. Ne3 Be6 36. Rd1 Qc6 37. Nd5 Bxd5 38. exd5 Qd6 39. Qb5 e4 40. c4 f5 41. Rf1 f4 42. Qb1 Re8 43. Qc1 e3 44. Qb1 g6 45. Re1 Kg7 46.
Bd1 h5 47. Bf3 Rf8 48. Qb2+ Qf6 49. Qb5 Rd8 50. Rb1 Rd6 51. Qe8 Qf7 52. Qc8 Qd7 53. Qb8 Qd8 54. Qxd8 Rxd8 55. Rxb6 Nd3 56. Rb7+ Kf6 57. Rb3 Ne5 58. Kg1 Nxc4 59. Rb5 Nd6 60. Rb6 Ke5 61. Kf1 Rc8 62. Ke2 Rc2+ 63. Kd1 Rd2+ 64.
Ke1 Rd4 65. Rb8 Nf5 66. Rg8 Kf6 67. Rf8+ Kg7 68. Rd8 Rd2 69. Rd7+ Kf6 70. Ra7 Nd4 71. Ra6+ Kf7 72. Be4 Nc2+ 73. Bxc2 Rxc2 74. d6 Rd2 75. Ra7+ Kf6 76. Ra6 Rxg2 77. d7+ Ke7 78. Ra4 f3 79.
Rd4 Rg1# 0-1

[Event "*** Titled Tuesday 3|2 Blitz"]
[Site "Chess.com"]
[Date "2016.05.03"]
[Round "2"]
[White "Philofive"]
[Black "AdrianaNikolova"]
[Result "0-1"]
[WhiteElo "2370"]
[BlackElo "2237"]
[TimeControl "180+2"]
[EndTime "11:25:13 PDT"]
[Termination "AdrianaNikolova won by resignation"]

1. d4 d5 2. Bg5 c5 3. e4 dxe4 4. d5 h6 5. Bf4 a6 6. Nc3 Bf5 7.
Nge2 Nf6 8. Ng3 Bh7 9. a4 Nbd7 10. Bc4 g5 11. Be3 Qc7 12. h4 g4 13. Qe2 Bg7 14. Rd1 h5 15. Bg5 Qe5 16. Qe3 Qd6 17. a5 Bg6 18. Bf4 Ne5 19. Bb3 O-O 20. O-O Rac8 21. Ngxe4 Nxe4 22. Nxe4 Qc7 23. d6 exd6 24. Nxd6 Rce8 25.
Nxe8 Rxe8 26. Rfe1 c4 27. Ba4 Re6 28. Qd2 Qc5 29.
Qd5 Nf3+ 30. gxf3 Rxe1+ 31. Kg2 gxf3+ 32. Kg3 Rg1+ 33. Kxf3 Qxd5+ 34. Rxd5 Kh7 35. Rd7 Bxb2 36. Rxb7 Bf6 37. Be8 Kg7 38. Rb6 Bxh4 39. Rxa6 Rf1 40. Bg3 Bxg3 41. Kxg3 h4+ 42. Kxh4 Rxf2 43. c3 Rf3 44.
Rc6 Rxc3 45. a6 Ra3 46. Rxc4 Rxa6 47. Kg4 Ra5 48. Kf4 Rf5+ 49. Kg4 Rf1 50. Bd7 Rg1+ 51. Kf4 Kf6 52. Bg4 Rf1+ 53. Kg3 Kg5 54. Bf3 f5 55.
Rc6 Rg1+ 56. Kf2 Ra1 57. Kg3 Ra3 58. Kf2 Ra2+ 59. Kf1 Kf4 60. Be2 Ra1+ 61. Kf2 Be8 62. Rc4+ Kg5 63. Rb4 Bc6 64. Rc4 Be4 65. Rb4 Ra2 66. Ke3 Ra3+ 67. Kf2 Kf4 68. Rc4 Ra2 69. Rb4 Ke5 70. Rb5+ Kd4 71. Rb4+ Ke5 72. Rb5+ Kf4 73.
Rb4 Kg5 74. Rc4 Bd3 0-1

[Event "*** Titled Tuesday 3|2 Blitz"]
[Site "Chess.com"]
[Date "2016.05.03"]
[Round "2"]
[White "BahadirOzen"]
[Black "Alexander_Donchenko"]
[Result "1/2-1/2"]
[WhiteElo "2515"]
[BlackElo "2654"]
[TimeControl "180+2"]
[EndTime "11:25:46 PDT"]
[Termination "Game drawn by repetition"]

1. b3 c5 2. Bb2 Nc6 3. e4 d6 4. Bb5 Bd7 5. f4 a6 6. Bxc6 Bxc6 7. d3 e6 8. Nd2 Nf6 9. Ngf3 Be7 10. O-O O-O 11. Qe1 d5 12. Ne5 Rc8 13. Rf3 Nd7 14. Nxc6 Rxc6 15. Rg3 d4 16. Rh3 Qb8 17. Qg3 f5 18.
Rf1 e5 19. fxe5 Rg6 20. Qe1 Qxe5 21. Nc4 Qf6 22. exf5 Rg5 23. Bc1 Rxf5 24. Rxf5 Qxf5 25. Rf3 Qg6 26. Qxe7 Rxf3 27. Qxd7 Rf8 28. Qd5+ Kh8 29.
Bg5 h6 30. Be7 Qe8 31. Qxc5 Rf7 32. Nd6 Qxe7 33. Nxf7+ Qxf7 34. Qxd4 Qe8 35. Kf1 Qc8 36. c4 Qf8+ 37. Kg1 Qa3 38. Qe3 Qxa2 39. Qe8+ Kh7 40. Qe4+ Kh8 41. Qxb7 Qb1+ 42. Kf2 Qxd3 43. Qa8+ Kh7 44.
Qxa6 Qd2+ 45. Kf3 Qd3+ 46. Kf2 Qxb3 47. Qe6 Qc2+ 48. Kf3 Qd3+ 49. Kf2 Qc2+ 50. Qe2 Qf5+ 51. Ke1 Qb1+ 52. Kd2 Qb2+ 53. Kd3 Qb3+ 54. Kd4 Qb4 55.
Qe4+ Kh8 56. Qe8+ Kh7 57. Qe4+ Kh8 58. h4 Qd2+ 59. Kc5 Qa5+ 60. Kd6 Qd8+ 61. Ke5 Qc7+ 62. Kd4 Qd6+ 63. Qd5 Qf4+ 64. Kc5 Qxh4 65. Kb5 Qf4 66. Qd8+ Kh7 67. c5 Qf1+ 68. Kb6 Qb1+ 69. Kc7 Qb5 70. c6 Qa5+ 71. Kc8 Qa6+ 72. Kd7 Qd3+ 73.
Kc7 Qe4 74. Qd6 Qxg2 75. Kc8 Qg4+ 76. Qd7 h5 77. c7 Qe4 78. Kd8 Qh4+ 79. Qe7 Qd4+ 80.
Ke8 Qa4+ 81. Qd7 Qe4+ 82. Kd8 Qh4+ 83. Kc8 Qe4 84. Kb8 Qb4+ 85. Ka7 Qa5+ 86. Kb7 Qb4+ 87. Kc8 Qe4 1/2-1/2

[Event "*** Titled Tuesday 3|2 Blitz"]
[Site "Chess.com"]
[Date "2016.05.03"]
[Round "2"]
[White "norwaytoadog"]
[Black "nonsopolo1"]
[Result "1/2-1/2"]
[WhiteElo "2020"]
[BlackElo "2083"]
[TimeControl "180+2"]
[EndTime "11:25:55 PDT"]
[Termination "Game drawn by agreement"]

1. e4 Nf6 2. e5 Nd5 3. d4 d6 4. Nf3 g6 5. Be2 Bg7 6. c4 Nb6 7. exd6 cxd6 8. O-O O-O 9. Nc3 Nc6 10. Be3 Bg4 11.
b3 Rc8 12. Rc1 e5 13. d5 Ne7 14. a4 a6 15. h3 Bxf3 16. Bxf3 Nf5 17. a5 Nxe3 18.
fxe3 Nd7 19. Ra1 f5 20. Qd2 Nc5 21. Rfb1 e4 22. Be2 Be5 23. b4 Nd7 24. Bf1 Qg5 25. Ne2 Rxc4 26. Nf4 Rcc8 27. Ra2 Qg3 28. Qf2 Qxf2+ 29.
Kxf2 Rc3 30. Ne6 Rfc8 31. b5 axb5 32. Rxb5 Rc2+ 33. Rxc2 Rxc2+ 34. Kg1 Nc5 35. Nxc5 Rxc5 36. Rxc5 dxc5 37. a6 bxa6 38. Bxa6 Bg3 39. Kf1 Kf8 40. Ke2 Ke7 41. Bc8 h6 42. Ba6 Kd6 43. Bc4 g5 44.
Bb3 Bh2 45. Bc4 Kc7 46. Bb3 Kb6 47. d6 Bxd6 48. Be6 f4 49. Bf5 c4 50. Bxe4 Kc5 51. exf4 gxf4 52. Kf3 Kd4 53. Bb1 Kc3 54. Ke2 Bb4 55.
Bf5 Ba5 56. Be4 Kd4 57. Bg6 Kc3 58. Bf5 Kb2 59. Kd1 Kc3 60. Ke2 Kd4 61. Bg6 Bb4 62.
Bf5 Bd6 63. Bg6 Ke5 64. Bc2 Kd5 65. Bf5 Kd4 66. Bc2 Kc3 67. Bf5 Kb2 68. Kd1 Bc5 69.
Bc2 Kc3 70. Bf5 Kd4 71. Ke2 Kc3 72. Be4 Kb2 73. Bf5 Kc1 74. Be6 c3 75. Kd3 Bb4 76.
Bb3 Ba5 77. Ba4 Kb2 78. Bd1 Bb6 79. Ba4 Be3 80. Bd1 Kc1 81. Ba4 Bd2 82. Bc2 Kb2 83. Ba4 Ka3 84. Bd1 Kb4 85. Bc2 Kc5 86. Bd1 Kd5 87. Bf3+ Ke5 1/2-1/2

[Event "*** Titled Tuesday 3|2 Blitz"]
[Site "Chess.com"]
[Date "2016.05.03"]
[Round "2"]
[White "BartoszSocko"]
[Black "Krasimir_Rusev"]
[Result "0-1"]
[WhiteElo "2654"]
[BlackElo "2493"]
[TimeControl "180+2"]
[EndTime "11:26:08 PDT"]
[Termination "Krasimir_Rusev won on time"]

1. e4 e5 2. Nf3 d6 3. d4 exd4 4. Nxd4 Nf6 5. Nc3 Be7 6. g3 O-O 7. Bg2 Re8 8. O-O Bf8 9. h3 c6 10. a4 a5 11. Re1 Na6 12. Bf4 Nc5 13. g4 g6 14. Qd2 Qb6 15. b3 Bd7 16. Rad1 Rad8 17.
Kh1 Bc8 18. f3 Bg7 19. Be3 Qb4 20. Na2 Qxd2 21. Bxd2 Nfxe4 22. fxe4 Bxd4 23. Bxa5 Be5 24. Bxd8 Rxd8 25. Rf1 Be6 26. Nb4 Kg7 27. Nd3 Nxd3 28. Rxd3 Ra8 29. Rfd1 Kf6 30. Kg1 Ke7 31. Kf2 g5 32. Bf1 Bf4 33. Be2 Be5 34. Rh1 h6 35.
Rdd1 Bf4 36. Bf3 Ra5 37. Ke2 Rc5 38. Kd3 Be5 39. c4 Ra5 40. Rd2 b5 41. Ra2 b4 42.
Rf2 Bg3 43. Rff1 Ra8 44. Be2 Be5 45. Rf3 Ra7 46. Rff1 Ra8 47. Bd1 Ra5 48. Be2 Bc3 49. Kc2 Be5 50. Rd1 Ra8 51. Rd2 Ra5 52. Rhd1 Bf4 53.
Rd3 Be5 54. Bf3 Rc5 55. Rh1 Ra5 56. Kd1 Bf4 57. Ke2 Be5 58. h4 Ra8 59. hxg5 hxg5 60.
Rh5 Kf6 61. Rd1 Ra5 62. Rdh1 Ke7 63. Rxg5 Ra8 64. Rh7 Rb8 65. Kd3 Ra8 66. Rgh5 Rb8 67. g5 Rg8 68. Ke3 Bb2 69. Kd2 Bc3+ 70. Kd3 Bb2 71.
a5 Bc8 72. Ke2 Be5 73. c5 Be6 74. a6 Bxb3 75. cxd6+ Kxd6 76. Ke3 Be6 77. R5h6 Ra8 78. Rxf7 Rxa6 79. Bg4 Ra3+ 80. Kf2 Bd4+ 81. Kg2 b3 82. Rxe6+ Kc5 83. Rc7 Kc4 84. Rexc6+ Kd3 85. Rb7 b2 86. e5 Ke4 0-1

[Event "*** Titled Tuesday 3|2 Blitz"]
[Site "Chess.com"]
[Date "2016.05.03"]
[Round "2"]
[White "bugsbunny444"]
[Black "rasool78"]
[Result "1-0"]
[WhiteElo "2376"]
[BlackElo "2173"]
[TimeControl "180+2"]
[EndTime "11:26:19 PDT"]
[Termination "bugsbunny444 won on time"]

1. Nf3 g6 2. e4 Bg7 3. d4 c5 4. dxc5 Qa5+ 5. Nc3 Bxc3+ 6. bxc3 Qxc3+ 7. Bd2 Qxc5 8. Bd3 Nf6 9. O-O d6 10. h3 O-O 11. Rb1 Nbd7 12. Re1 a6 13. Bb4 Qc7 14. Qd2 Ne5 15. Nxe5 dxe5 16. Ba5 Qc6 17. Qg5 Qe6 18.
a3 b5 19. f3 Bb7 20. a4 Bc6 21. Bc3 Nd7 22. a5 Kg7 23. Qe3 f6 24. Bb4 Rfc8 25. Rec1 Bb7 26. Kh2 Kf7 27. Ba3 Rc7 28. c4 b4 29.
Rxb4 Rac8 30. c5 Kg7 31. Bc4 Qc6 32. Bd5 Qxd5 33. exd5 Bxd5 34. Rb2 Bc6 35. Rd2 Nf8 36. Rb2 Ne6 37. Rb6 g5 38. Bb2 Nf4 39. Qb3 Bd5 40. Qb4 Bc6 41. Rd1 Nd5 42. Qb3 Nf4 43. Rb8 Bb5 44. Rxc8 Rxc8 45. Ba3 Rc7 46. Qc2 Ne2 47. Qd2 Nd4 48. Qc3 Ne6 49. Qb3 Nd4 50. Rxd4 exd4 51.
Qd5 d3 52. Bb2 Rd7 53. Qxg5+ Kf7 54. Qd2 Rd5 55. Ba3 Rd4 56. Bb4 Rc4 57. Kg3 Rc2 58.
Qh6 Rb2 59. Bd2 Rc2 60. Qxh7+ Ke8 61. Qh8+ Kd7 62. Qh6 Rxc5 63. Qe3 Re5 64. Qd4+ Ke6 65. h4 Re2 66. Qb4 Kf5 67. Qg4+ Ke5 68. Qf4+ Ke6 69. h5 Re5 70. Qg4+ Kf7 71. Qg6+ Ke6 72. h6 Re2 73. h7 Rxd2 74. h8=Q Re2 75. Qhg8+ Kd6 76. Qd8+ Kc5 77. Qf5+ Re5 78. Qfc8+ Kb4 79. Qdc7 Rg5+ 80. Kf2 Re5 81. Qc3+ Ka4 82. Qg4+ 1-0

[Event "*** Titled Tuesday 3|2 Blitz"]
[Site "Chess.com"]
[Date "2016.05.03"]
[Round "3"]
[White "GMVladimir_Petkov"]
[Black "chess960now"]
[Result "1-0"]
[WhiteElo "2204"]
[BlackElo "1959"]
[TimeControl "180+2"]
[EndTime "11:30:05 PDT"]
[Termination "GMVladimir_Petkov won by resignation"]

1. d4 Nf6 2. c4 c5 3. d5 b5 4.
cxb5 a6 5. bxa6 g6 6. Nc3 Bxa6 7. e4 Bxf1 8. Kxf1 d6 9. Nf3 Bg7 10. g3 O-O 11. Kg2 Nbd7 12. Qe2 Qb6 13. a4 Rfb8 14. Nb5 Ng4 15. Nd2 Ngf6 16. Nc4 Qa6 17. Nc7 1-0

[Event "*** Titled Tuesday 3|2 Blitz"]
[Site "Chess.com"]
[Date "2016.05.03"]
[Round "3"]
[White "motivated_bishop"]
[Black "Rating-Schmating"]
[Result "1-0"]
[WhiteElo "2292"]
[BlackElo "2247"]
[TimeControl "180+2"]
[EndTime "11:30:20 PDT"]
[Termination "motivated_bishop won by resignation"]

1. d4 e6 2. c4 Nf6 3. Nc3 b6 4. Nf3 Bb7 5. e3 c5 6. Bd3 cxd4 7. exd4 d6 8. O-O a6 9. Re1 Be7 10. h3 Nbd7 11. Bf4 O-O 12. Qe2 Qc7 13. Rad1 Rfe8 14.
Nh2 Bf8 15. Ng4 Nxg4 16. Qxg4 Nf6 17. Qh4 Qc6 18. d5 exd5 19. Nxd5 Rxe1+ 20. Rxe1 Qxd5 21. cxd5 Bxd5 22. Bg5 Re8 23. Rxe8 g6 24. Bxf6 Bc6 25. Rd8 1-0

[Event "*** Titled Tuesday 3|2 Blitz"]
[Site "Chess.com"]
[Date "2016.05.03"]
[Round "3"]
[White "platy3"]
[Black "rhungaski"]
[Result "1/2-1/2"]
[WhiteElo "2644"]
[BlackElo "2473"]
[TimeControl "180+2"]
[EndTime "11:31:09 PDT"]
[Termination "Game drawn by repetition"]

1. e4 e5 2. Nf3 Nc6 3. Bb5 a6 4. Ba4 d6 5. c3 Bd7 6. O-O Nf6 7. Re1 Be7 8. d4 O-O 9. d5 Nb8 10. Bxd7 Nbxd7 11. c4 Ne8 12. Nc3 a5 13. b3 g6 14. Bh6 Ng7 15. a3 f5 16. b4 Bf6 17.
Qd3 b6 18. Nb5 Rf7 19. Nc3 Ra7 20. Nb5 Ra8 21. Nc3 Ra7 22. Nb5 Ra8 23. Nc3 1/2-1/2

[Event "*** Titled Tuesday 3|2 Blitz"]
[Site "Chess.com"]
[Date "2016.05.03"]
[Round "3"]
[White "chorejason"]
[Black "saraswathii"]
[Result "1-0"]
[WhiteElo "2070"]
[BlackElo "1964"]
[TimeControl "180+2"]
[EndTime "11:31:38 PDT"]
[Termination "chorejason won by resignation"]

1. e4 c5 2. Nf3 Nc6 3. d4 cxd4 4.
Nxd4 Nf6 5. Nc3 e6 6. Be2 Bb4 7.
Bf3 d5 8. Nxc6 bxc6 9. e5 Nd7 10. Qe2 Qc7 11. O-O Qxe5 12. Be3 O-O 13. Rad1 c5 14. Nxd5 exd5 15. Rxd5 Qe6 16. Rfd1 Ne5 17. Rd6 Nxf3+ 18. Qxf3 Qe7 19. Qxa8 Bb7 20. Qxf8+ 1-0

[Event "*** Titled Tuesday 3|2 Blitz"]
[Site "Chess.com"]
[Date "2016.05.03"]
[Round "3"]
[White "norwaytoadog"]
[Black "Indianlad"]
[Result "0-1"]
[WhiteElo "2019"]
[BlackElo "2640"]
[TimeControl "180+2"]
[EndTime "11:32:14 PDT"]
[Termination "Indianlad won by resignation"]

1. e4 c5 2. Nf3 Nc6 3. Bb5 e6 4. c3 Nge7 5. Ba4 d5 6. e5 c4 7. O-O Ng6 8. Re1 Bc5 9. d4 cxd3 10. Qxd3 Qb6 11. Qe2 O-O 12. b4 Be7 13. Be3 Qc7 14.
Bd2 f6 15. exf6 Bxf6 16. Bg5 Nf4 17. Qe3 Bxg5 18. Nxg5 h6 19. Nf3 Bd7 20. Bxc6 Bxc6 21. Ne5 Nxg2 22. Qe2 Nxe1 23. Qxe1 Rf5 24. Nd3 e5 25.
Nc5 Qf7 26. Nd2 Rf8 27. f3 d4 28. cxd4 Rg5+ 0-1

[Event "*** Titled Tuesday 3|2 Blitz"]
[Site "Chess.com"]
[Date "2016.05.03"]
[Round "3"]
[White "VSERGUEI"]
[Black "jk13"]
[Result "1-0"]
[WhiteElo "2459"]
[BlackElo "2400"]
[TimeControl "180+2"]
[EndTime "11:32:28 PDT"]
[Termination "VSERGUEI won by resignation"]

1. d4 Nf6 2. c4 e6 3. Nc3 Bb4 4. f3 c5 5. d5 b5 6. e4 bxc4 7. Bxc4 O-O 8. Ne2 d6 9. O-O exd5 10. Nxd5 Nbd7 11. Nxb4 cxb4 12. Qxd6 Nb6 13. Qxd8 Rxd8 14.
Bb5 Be6 15. Nf4 Bc4 16. Bxc4 Nxc4 17. b3 Nd2 18. Rf2 Ndxe4 19. fxe4 Nxe4 20. Rf1 Rac8 21. Be3 Rc2 22. Rad1 Rxd1 23. Rxd1 g5 24. Rd8+ Kg7 25.
Nh5+ Kg6 26. g4 f5 27. Rg8+ Kh6 28. Nf6 f4 29. Nxe4 fxe3 30. Ng3 1-0

[Event "*** Titled Tuesday 3|2 Blitz"]
[Site "Chess.com"]
[Date "2016.05.03"]
[Round "3"]
[White "Lupul_Cenusiu"]
[Black "Fariasov-inactive"]
[Result "1-0"]
[WhiteElo "2420"]
[BlackElo "2187"]
[TimeControl "180+2"]
[EndTime "11:32:30 PDT"]
[Termination "Lupul_Cenusiu won by resignation"]

1. d4 c5 2. d5 d6 3. e4 g6 4. c4 Bg7 5. Bd3 Nf6 6. h3 O-O 7. Nf3 e6 8. O-O exd5 9. cxd5 Na6 10. Re1 Nc7 11. Nc3 a6 12. a4 b6 13. Bf4 Rb8 14. Qd2 b5 15. Bh6 c4 16. Bf1 Re8 17.
Bxg7 Kxg7 18. Qd4 Kg8 19. axb5 axb5 20. Rad1 Bd7 21. e5 dxe5 22. Nxe5 b4 23. Ne4 Nxe4 24.
Rxe4 Bf5 25. Ree1 Bc2 26. Rd2 b3 27. Bxc4 Qf6 28. Re3 Nb5 29. Bxb5 Rxb5 30. Nd7 Qxd4 31. Rxe8+ Kg7 32. Rxd4 Ra5 33. Ne5 Ra1+ 34. Kh2 Ra2 35.
Nc4 h5 36. d6 Bf5 37. d7 1-0

[Event "*** Titled Tuesday 3|2 Blitz"]
[Site "Chess.com"]
[Date "2016.05.03"]
[Round "3"]
[White "JusticeBot"]
[Black "GeorgMeier"]
[Result "0-1"]
[WhiteElo "2550"]
[BlackElo "2758"]
[TimeControl "180+2"]
[EndTime "11:32:33 PDT"]
[Termination "GeorgMeier won by resignation"]

1. e4 e6 2. d4 d5 3. Nd2 dxe4 4. Nxe4 Nd7 5. Nf3 Ngf6 6. Bd3 c5 7. Nxc5 Nxc5 8. dxc5 Bxc5 9. O-O O-O 10. Qe2 b6 11.
Rd1 Qc7 12. Bg5 Bb7 13. Bxf6 gxf6 14. Bxh7+ Kxh7 15. Ng5+ Kg6 16. Ne4 f5 17. Ng3 Rh8 18. Rd3 Ba6 19. Rad1 Bxd3 20. Rxd3 Rad8 21. Rc3 Qf4 22.
h3 Rd2 23. Nh5 Rxh5 24. Rg3+ Qxg3 25. Qxd2 Rg5 0-1

[Event "*** Titled Tuesday 3|2 Blitz"]
[Site "Chess.com"]
[Date "2016.05.03"]
[Round "3"]
[White "NaziPaiki"]
[Black "arna"]
[Result "1-0"]
[WhiteElo "2583"]
[BlackElo "2134"]
[TimeControl "180+2"]
[EndTime "11:33:12 PDT"]
[Termination "NaziPaiki won on time"]

1. e4 e6 2. d4 d5 3. Nc3 Bb4 4. e5 c5 5. a3 Bxc3+ 6. bxc3 Ne7 7. Qg4 Qc7 8. Qxg7 Rg8 9. Qxh7 cxd4 10. Ne2 dxc3 11.
f4 Nbc6 12. Qd3 d4 13. h4 Bd7 14. h5 O-O-O 15. h6 Rg6 16. h7 Rh8 17. Nxd4 Nxd4 18. Qxd4 Nf5 19. Qxa7 Bc6 20. Qa8+ Qb8 21. Qxb8+ Kxb8 22.
Rh2 Be4 23. Rb1 Kc7 24. Rb3 Kb8 25. Rxc3 Rg7 26. Rch3 Bxc2 27. g4 Rxg4 28. Rxc2 Nd4 29. Rg2 1-0

[Event "*** Titled Tuesday 3|2 Blitz"]
[Site "Chess.com"]
[Date "2016.05.03"]
[Round "3"]
[White "Quiet_Desperation"]
[Black "sorito"]
[Result "0-1"]
[WhiteElo "2280"]
[BlackElo "2188"]
[TimeControl "180+2"]
[EndTime "11:33:12 PDT"]
[Termination "sorito won by resignation"]

1. e4 c5 2. Nf3 Nc6 3. d4 cxd4 4. Nxd4 Nf6 5. Nc3 g6 6. Bc4 Bg7 7. Be3 O-O 8. Bb3 a5 9. a4 Ng4 10. Qxg4 Nxd4 11. Qd1 Nxb3 12. cxb3 d6 13. O-O Be6 14. f4 f5 15. Nd5 fxe4 16. Bb6 Qd7 17. Re1 Bf5 18.
Rc1 Rac8 19. Qd2 Kh8 20. Bxa5 Rxc1 21. Rxc1 Rc8 22. Bc3 Rc6 23. Bxg7+ Kxg7 24. Rxc6 bxc6 25. Ne3 Qa7 26. Kf2 d5 27. Kg3 Be6 28. Qc3+ Kf7 29. Qh8 Qxe3+ 30. Kh4 Qxf4+ 0-1

[Event "*** Titled Tuesday 3|2 Blitz"]
[Site "Chess.com"]
[Date "2016.05.03"]
[Round "3"]
[White "AndrewMcStone"]
[Black "KuzubovYuriy"]
[Result "0-1"]
[WhiteElo "1974"]
[BlackElo "2591"]
[TimeControl "180+2"]
[EndTime "11:33:16 PDT"]
[Termination "KuzubovYuriy won by resignation"]

1. d4 Nf6 2. c4 e6 3. Nc3 Bb4 4. f3 d5 5. a3 Bxc3+ 6. bxc3 c5 7. cxd5 Nxd5 8. dxc5 Qa5 9. e4 Ne7 10. Be3 O-O 11. Qb3 Na6 12. Bb5 Rd8 13. Ne2 Bd7 14.
Bxd7 Rxd7 15. O-O Rc8 16. Rfd1 Rdc7 17. Rd6 Nc6 18. Rad1 Nxc5 19. Qc2 h6 20. Nf4 Na4 21. R1d3 Ne5 22. R3d4 Nxc3 23. Rd8+ Kh7 24. Rxc8 Rxc8 25. Nh5 Nxf3+ 26. gxf3 Qxh5 27. e5+ Qg6+ 28. Qxg6+ Kxg6 29. Rb4 b6 30. Kf2 Nd1+ 31. Ke2 Nxe3 32. Kxe3 Rc3+ 33.
Ke4 Rxa3 0-1

[Event "*** Titled Tuesday 3|2 Blitz"]
[Site "Chess.com"]
[Date "2016.05.03"]
[Round "3"]
[White "Quinten94"]
[Black "Misha_Bilous"]
[Result "1-0"]
[WhiteElo "2276"]
[BlackElo "2222"]
[TimeControl "180+2"]
[EndTime "11:33:19 PDT"]
[Termination "Quinten94 won by resignation"]

1. e4 c5 2. Nf3 Nc6 3. Bb5 g6 4.
O-O Bg7 5. Re1 Nh6 6. c3 O-O 7. d4 cxd4 8. cxd4 f6 9. Nc3 Nf7 10. h3 d6 11. d5 Nce5 12. Nd4 a6 13. Bf1 g5 14. Ne6 Bxe6 15. dxe6 Nh6 16. Nd5 Rc8 17. h4 g4 18. Be3 f5 19. Bg5 Nc6 20. Qd2 g3 21. f3 Bd4+ 22. Kh1 Qe8 23. Bxh6 Qh5 24. Qg5+ Qxg5 25. Bxg5 Bxb2 26. Rab1 Bd4 27.
Rxb7 fxe4 28. Rxe4 Rb8 29. Nxe7+ Nxe7 30. Rxb8 Rxb8 31.
Rxd4 Rb1 32. Kg1 Nc6 33. Rc4 Ne5 34. Rc8+ Kg7 35. e7 1-0